 Dungeon Crawl Stone Soup version 0.27-a0-1319-geec4fb4e21 (webtiles) character file.

Game seed: 538561474138848288

1702 senseless the Ruffian (level 9, 0/59 HPs)
             Began as a Gnoll Transmuter on June 21, 2021.
             Was a Priest of Hepliaklqana.
             Slain by a hellwing (8 damage)
             ... summoned by a kobold demonologist
             ... on level 6 of the Dungeon.
             The game lasted 00:19:02 (5284 turns).

senseless the Ruffian (Gnoll Transmuter)            Turns: 5284, Time: 00:19:05

Health: 0/59       AC: -16   Str: 15    XL:     9   Next: 3%
Magic:  17/18      EV: 14    Int: 13    God:    Hepliaklqana [***...]
Gold:   339        SH:  0    Dex: 12    Spells: 17/20 levels left

rFire    . . .     SeeInvis .   p - +9 dagger of Joyful Slaughter {elec, Str+2 Stlth+}
rCold    . . .     Faith    .   (no shield)
rNeg     . . .     Spirit   .   a - +0 robe
rPois    .         Reflect  .   (helmet currently unavailable)
rElec    .         Harm     .   g - +1 cloak
rCorr    .         Rampage  .   z - +2 pair of gloves
Will     .....                  (boots currently unavailable)
Stlth    +++.......             (no amulet)
HPRegen  0.19/turn              (no ring)
MPRegen  0.16/turn              (no ring)

@: appendages, corroded
A: horns 2, talons 2, reduced essence, fangs 1, strong nose, distributed
training
a: End Transformation, Renounce Religion, Recall Ancestor, Ancestor Identity,
Transference


You were on level 6 of the Dungeon.
You worshipped Hepliaklqana.
Hepliaklqana was most pleased with you.
You had temporarily grown beastly horns and talons.
You visited 2 branches of the dungeon, and saw 7 of its levels.
You also visited: Ossuary.

You collected 339 gold pieces.

Inventory:

Hand Weapons
 j - a +2 dagger of flaming
 p - the +9 dagger of Joyful Slaughter (weapon) {elec, Str+2 Stlth+}
   (You found it on level 4 of the Dungeon)

   Occasionally, upon striking a foe, it can discharge electrical energy and
   cause terrible harm.
   It affects your strength (+2).
   It makes you more stealthy.
Missiles
 l - 7 silver javelins
 r - a throwing net
Armour
 a - a +0 robe (worn)
 g - a +1 cloak (worn)
 i - a +0 helmet (melded)
 n - a +0 pair of boots (melded)
 z - a +2 pair of gloves (worn)
Magical Staves
 d - a staff of cold
 m - a staff of poison
Jewellery
 k - an amulet of magic regeneration
Wands
 e - a wand of paralysis (10)
 q - a wand of polymorph (6)
 w - a wand of mindburst (10)
Scrolls
 u - 2 scrolls of teleportation
 x - a scroll of fog
Potions
 b - 2 potions of ambrosia
 c - 2 potions of lignification
 f - 4 potions of flight
 h - a potion of brilliance
 o - a potion of heal wounds
 s - a potion of mutation
 t - 4 potions of curing
 v - 2 potions of cancellation
 A - a potion of magic {unknown}


   Skills:
 + Level 4.6 Fighting
 + Level 3.8 Short Blades
 + Level 3.8 Long Blades
 + Level 3.8 Axes
 + Level 3.8 Maces & Flails
 + Level 3.8 Polearms
 + Level 3.8 Staves
 + Level 3.8 Slings
 + Level 3.8 Bows
 + Level 3.8 Crossbows
 + Level 3.8 Throwing
 + Level 3.8 Armour
 + Level 6.0 Dodging
 + Level 3.8 Stealth
 + Level 3.8 Shields
 + Level 7.6 Unarmed Combat
 + Level 6.3 Spellcasting
 + Level 3.1 Conjurations
 + Level 3.1 Hexes
 + Level 3.1 Summonings
 + Level 3.1 Necromancy
 + Level 3.1 Translocations
 + Level 5.0 Transmutations
 + Level 3.1 Fire Magic
 + Level 3.1 Ice Magic
 + Level 3.1 Air Magic
 + Level 3.1 Earth Magic
 + Level 3.1 Poison Magic
 + Level 4.2 Invocations
 + Level 3.8 Evocations


You had 17 spell levels left.
You knew the following spells:

 Your Spells              Type           Power      Damage    Failure   Level
a - Beastly Appendage     Tmut           34%        N/A       1%          1
b - Wereblood             Tmut           17%        N/A       3%          2

Your spell library contained the following spells:

 Spells                   Type           Power      Damage    Failure   Level
 Animate Skeleton         Necr           24%        N/A       4%          1
 Corona                   Hex            13%        N/A       4%          1
 Magic Dart               Conj           48%        1d5       4%          1
 Pain                     Necr           48%        1d6       4%          1
 Summon Small Mammal      Summ           48%        N/A       4%          1
 Blink                    Tloc           N/A        N/A       7%          2
 Call Imp                 Summ           12%        N/A       7%          2
 Ensorcelled Hibernation  Hex/Ice        24%        N/A       7%          2
 Slow                     Hex            12%        N/A       7%          2
 Spider Form              Tmut/Pois      7%         N/A       10%         3
 Call Canine Familiar     Summ           12%        N/A       14%         3
 Confusing Touch          Hex            12%        N/A       14%         3
 Conjure Flame            Conj/Fire      12%        6-21      14%         3
 Dazzling Flash           Conj/Hex       24%        N/A       14%         3
 Mephitic Cloud           Conj/Pois/Air  12%        N/A       14%         3
 Summon Guardian Golem    Hex/Summ       12%        N/A       14%         3
 Tukima's Dance           Hex            12%        N/A       14%         3
 Vampiric Draining        Necr           6%         2d6       14%         3
 Ice Form                 Ice/Tmut       14%        N/A       30%         4
 Animate Dead             Necr           6%         N/A       41%         4
 Summon Ice Beast         Ice/Summ       12%        N/A       41%         4
 Summon Lightning Spire   Summ/Air       12%        N/A       41%         4
 Agony                    Necr           12%        N/A       77%         5


Dungeon Overview and Level Annotations

Branches:
Dungeon (6/15)             Temple (1/1) D:6         Ossuary (visited)

Altars:
Ashenzari
Cheibriados
Dithmenos
Elyvilon
Fedhas
Gozag
Hepliaklqana
Kikubaaqudgha
Makhleb
Nemelex Xobeh
Okawaru
Sif Muna
Trog
Uskayaw
Vehumet
Wu Jian
Xom
Yredelemnul
Zin
The Shining One

Shops:
D:2 (   D:4 (


Innate Abilities, Weirdness & Mutations

You have temporarily grown beastly horns and talons.
Your life essence is reduced to manifest your ancestor. (-10% HP)
You have very sharp teeth.
Your uncanny sense of smell can sniff out nearby items.
Your experience applies equally to all skills.


Message History

The rust devil is almost dead.
You barely miss the rust devil. You headbutt the rust devil.
The rust devil is almost dead.
The rust devil misses you.
You barely miss the rust devil.
You claw the rust devil, but do no damage.
The rust devil is almost dead.
Your horns disappear.
Your talons disappear.
Your +0 helmet unmelds from your body.
Your +0 pair of boots unmelds from your body.
The rust devil closely misses you.
You barely miss the rust devil.
The rust devil is almost dead.
The rust devil hits you! The rust devil corrodes you!
You grow a pair of large bovine horns.
Your feet morph into talons.
Your +0 helmet melds into your body.
Your +0 pair of boots melds into your body.
The rust devil hits you! The rust devil corrodes you!
The kobold demonologist mumbles some strange words.
You closely miss the rust devil.
You claw the rust devil, but do no damage.
You bite the rust devil, but do no damage.
The rust devil is almost dead.
The kobold demonologist mumbles some strange words.
The rust devil hits you. The rust devil corrodes you!
You hit the rust devil but do no damage.
You headbutt the rust devil, but do no damage.
The rust devil is almost dead.
The hellwing misses you. The hellwing closely misses you.
The rust devil hits you!
* * * LOW HITPOINT WARNING * * *
The rust devil corrodes you!
You swap places.
Nenetl hits the rust devil with a +0 quarterstaff!
The rust devil dies!
The hellwing swoops through the air toward you!
The hellwing hits you.
* * * LOW HITPOINT WARNING * * *
The hellwing hits you!
You die...

.#...... ..#..####.##
.#.#.#.# #.#.........
.#.#.#.#####.##.####.#
.+.............R.....#
.#.....##......#####.#.#
.......................#
...######......##.#.#..#
...# #########.# .. ...#
#.R@4# ..# ...# #)####
.# ...# #K # #### #. 3.
∆ ## #. .# ## .# (##


You could see the friendly Nenetl the battlemage and a hellwing (summoned).

Vanquished Creatures
  2 kobold demonologists (D:6)
  A water moccasin (D:5)
  A sky beast (D:6)
  An elf zombie (Ossuary)
  A scorpion (D:6)
  A water moccasin zombie (D:5)
  A centaur zombie (Ossuary)
  A jelly (D:3)
  A hound (D:4)
  3 iguanas
  Terence (D:2)
  A hound zombie (Ossuary)
  A hound skeleton (D:4)
  2 mummies (Ossuary)
  Robin (D:1)
  7 adders
  2 gnolls (D:6)
  A shadow imp (D:4)
  An ufetubus (D:4)
  An adder zombie (Ossuary)
  4 worms
  A dart slug (D:2)
  9 endoplasms
  3 giant cockroaches
  A gnoll zombie (Ossuary)
  15 goblins
  4 hobgoblins
  12 jackals
  3 kobolds
  3 quokkas
  6 ball pythons
  4 bats
  A frilled lizard (D:1)
  6 goblin zombies (Ossuary)
  2 hobgoblin zombies (Ossuary)
  A jackal zombie (Ossuary)
  2 kobold zombies (Ossuary)
  An orc zombie (Ossuary)
  6 quokka zombies (Ossuary)
  A rat (D:3)
  5 rat zombies (Ossuary)
121 creatures vanquished.

Vanquished Creatures (collateral kills)
  A phantom (D:5)
  A kobold brigand (D:6)
  A gnoll sergeant (D:6)
  A human zombie (Ossuary)
  A bullfrog skeleton (D:4)
  A hound skeleton (D:4)
  A mummy (Ossuary)
  2 gnolls (D:6)
  An adder (D:2)
  A bat (D:3)
  An endoplasm (D:3)
  3 hobgoblins
  2 jackals
  2 quokkas
  A ball python (D:2)
  2 gnoll zombies (Ossuary)
  2 goblins
  A goblin zombie (Ossuary)
  2 kobold zombies (Ossuary)
  An orc zombie (Ossuary)
  A quokka zombie (Ossuary)
  2 rats
  A rat zombie (Ossuary)
32 creatures vanquished.

Vanquished Creatures (others)
  An ancestor (D:2)
1 creature vanquished.

Grand Total: 154 creatures vanquished

Notes
Turn   | Place    | Note
-------+----------+-------------------------------------------
     0 | D:1      | senseless the Gnoll Transmuter began the quest for the Orb.
     0 | D:1      | Reached XP level 1. HP: 17/17 MP: 6/6
   236 | D:1      | Reached XP level 2. HP: 23/23 MP: 5/7
   512 | D:1      | Found a faded altar of an unknown god.
   679 | D:1      | Became a worshipper of Hepliaklqana the Forgotten
   679 | D:1      | Reached * piety under Hepliaklqana
   727 | D:2      | Noticed Robin
   745 | D:2      | Reached XP level 3. HP: 22/25 MP: 7/9
   746 | D:2      | Reached skill level 5 in Spellcasting
   761 | D:1      | Killed Robin
   762 | D:1      | Reached skill level 1 in Invocations
  1047 | D:2      | Reached skill level 1 in Short Blades
  1047 | D:2      | Reached skill level 1 in Long Blades
  1047 | D:2      | Reached skill level 1 in Axes
  1047 | D:2      | Reached skill level 1 in Maces & Flails
  1047 | D:2      | Reached skill level 1 in Polearms
  1047 | D:2      | Reached skill level 1 in Staves
  1047 | D:2      | Reached skill level 1 in Slings
  1047 | D:2      | Reached skill level 1 in Bows
  1047 | D:2      | Reached skill level 1 in Crossbows
  1047 | D:2      | Reached skill level 1 in Throwing
  1047 | D:2      | Reached skill level 1 in Armour
  1047 | D:2      | Reached skill level 1 in Stealth
  1047 | D:2      | Reached skill level 1 in Shields
  1047 | D:2      | Reached skill level 1 in Evocations
  1229 | D:2      | Found Riytuc's Antique Weapon Emporium.
  1236 | D:2      | Reached XP level 4. HP: 30/30 MP: 9/11
  1568 | D:2      | Noticed Terence
  1579 | D:2      | Killed Terence
  1580 | D:2      | Reached skill level 1 in Conjurations
  1580 | D:2      | Reached skill level 1 in Hexes
  1580 | D:2      | Reached skill level 1 in Summonings
  1580 | D:2      | Reached skill level 1 in Necromancy
  1580 | D:2      | Reached skill level 1 in Translocations
  1580 | D:2      | Reached skill level 1 in Fire Magic
  1580 | D:2      | Reached skill level 1 in Ice Magic
  1580 | D:2      | Reached skill level 1 in Air Magic
  1580 | D:2      | Reached skill level 1 in Earth Magic
  1580 | D:2      | Reached skill level 1 in Poison Magic
  2140 | D:3      | Reached XP level 5. HP: 30/36 MP: 10/12
  2489 | D:3      | Reached ** piety under Hepliaklqana
  2490 | D:3      | Remembered your ancestor Nenetl as a battlemage
  3252 | D:4      | Identified the +9 dagger of Joyful Slaughter {elec, Str+2
                  | Stlth+}
  3275 | D:4      | Reached XP level 6. HP: 42/42 MP: 11/13
  3482 | D:4      | Found Mobbown's Weapon Shop.
  3731 | D:4      | Reached skill level 5 in Dodging
  3879 | D:5      | Entered Level 5 of the Dungeon
  3879 | D:5      | Noticed a water moccasin
  3885 | D:5      | Killed a water moccasin
  3886 | D:5      | Reached XP level 7. HP: 46/46 MP: 13/15
  3921 | D:5      | Found Haf Mona's Self-Improvement Boutique.
  4041 | D:5      | Reached skill level 7 in Unarmed Combat
  4096 | D:5      | Found a sand-covered staircase.
  4116 | Ossuary  | Entered an ossuary
  4120 | Ossuary  | Learned a level 2 spell: Wereblood
  4226 | Ossuary  | Reached *** piety under Hepliaklqana
  4528 | D:5      | Found a shadowy altar of Dithmenos.
  4883 | D:6      | Found a staircase to the Ecumenical Temple.
  4897 | Temple   | Entered the Ecumenical Temple
  4963 | D:6      | Found a glowing silver altar of Zin.
  4985 | D:6      | Reached XP level 8. HP: 54/54 MP: 11/16
  5253 | D:6      | Noticed a kobold demonologist
  5260 | D:6      | Killed a kobold demonologist
  5260 | D:6      | Noticed a kobold demonologist
  5261 | D:6      | Noticed a kobold demonologist
  5266 | D:6      | Killed a kobold demonologist
  5267 | D:6      | Reached skill level 5 in Transmutations
  5267 | D:6      | Reached XP level 9. HP: 58/59 MP: 18/18
  5267 | D:6      | Noticed a rust devil
  5282 | D:6      | Noticed a hellwing
  5283 | D:6      | Noticed a smoke demon
  5284 | D:6      | Slain by a hellwing

Illustrated notes

Levels and vault maps discovered:
D:1:      onia_arrival_pyramid, layout_rooms, shapermc_ecumenical_altar_venn
D:2:      minmay_diamond_boxcup, layout_loops_ring, serial_shops, shop,
          minivault_11, uniq_terence, uniq_robin
D:3:      layout_loops_ring, kennysheep_generic_room_10
D:4:      minmay_chambers_of_threes, layout_loops_cross, serial_shops,
          nicolae_stop_n_shop_2
D:5:      layout_cave_pools, grunt_dithmenos_shadows,
          nicolae_ossuary_entry_false_entrances, nicolae_shop_self_help
D:6:      layout_basic, kennysheep_little_box, nicolae_qazlal_general_emergency,
          minmay_temple_entry_junction, kennysheep_generic_room_11
Temple:   nicolae_temple_no_exploring_needed

Skill      XL: |  1  2  3  4  5  6  7  8 |
---------------+-------------------------+-----
Spellcasting   | 5 6 |  6.3
Invocations    | 1 2 3 4 |  4.2
Short Blades   | 1 2 3 |  3.8
Long Blades    | 1 2 3 |  3.8
Axes           | 1 2 3 |  3.8
Maces & Flails | 1 2 3 |  3.8
Polearms       | 1 2 3 |  3.8
Staves         | 1 2 3 |  3.8
Slings         | 1 2 3 |  3.8
Bows           | 1 2 3 |  3.8
Crossbows      | 1 2 3 |  3.8
Throwing       | 1 2 3 |  3.8
Armour         | 1 2 3 |  3.8
Stealth        | 1 2 3 |  3.8
Shields        | 1 2 3 |  3.8
Evocations     | 1 2 3 |  3.8
Conjurations   | 1 2 3 |  3.1
Hexes          | 1 2 3 |  3.1
Summonings     | 1 2 3 |  3.1
Necromancy     | 1 2 3 |  3.1
Translocations | 1 2 3 |  3.1
Fire Magic     | 1 2 3 |  3.1
Ice Magic      | 1 2 3 |  3.1
Air Magic      | 1 2 3 |  3.1
Earth Magic    | 1 2 3 |  3.1
Poison Magic   | 1 2 3 |  3.1
Fighting       | 3 4 |  4.6
Transmutations | 4 5 |  5.0
Dodging        | 5 6 |  6.0
Unarmed Combat | 7 |  7.6

Action                   |  1- 3 |  4- 6 |  7- 9 || total
-------------------------+-------+-------+-------++-------
Melee: Unarmed           |    57 |       |       ||    57
       Kick              |    14 |    18 |    27 ||    59
       Bite              |     4 |     8 |     8 ||    20
       Headbutt          |     3 |    11 |    13 ||    27
       Dagger            |    16 |   120 |   105 ||   241
       Punch             |     1 |     3 |     2 ||     6
 Cast: Beastly Appendage |    16 |    34 |    18 ||    68
       Wereblood         |       |       |     8 ||     8
Invok: Recall Ancestor   |     1 |       |       ||     1
       Ancestor Life: Ba |       |     1 |       ||     1
 Abil: End Transformatio |       |     1 |       ||     1
  Use: Scroll            |       |    11 |     4 ||    15
 Stab: Sleeping          |     1 |     4 |     5 ||    10
       Distracted        |       |       |     1 ||     1
Armor: Robe              |    13 |    17 |    17 ||    47
Dodge: Dodged            |    59 |    63 |    51 ||   173

Table legend: (Time is in decaauts)
 A = Elapsed time spent in this place.
 B = Non-inter-level travel time spent in this place.
 C = Inter-level travel time spent in this place.
 D = Time resting spent in this place.
 E = Time spent auto-exploring this place.
 F = Levels seen in this place.
 G = Mean time per level.
                   A        B        C        D        E       F      G
               +--------+--------+--------+--------+--------+-----+--------+
         Total |   5252 |   5109 |    143 |    382 |   3914 |   8 |  656.5 |
       Dungeon |   4959 |   4816 |    143 |    382 |   3747 |   6 |  826.5 |
        Temple |      1 |      1 |      0 |      0 |      0 |   1 |    1.0 |
       Ossuary |    291 |    291 |      0 |      0 |    167 |   1 |  291.0 |
               +--------+--------+--------+--------+--------+-----+--------+

Top non-repeatable levels by time:
     D:2: 1229 daAuts
     D:3: 961 daAuts
     D:1: 886 daAuts
     D:4: 784 daAuts
     D:5: 676 daAuts
     D:6: 421 daAuts
 Ossuary: 291 daAuts
  Temple: 1 daAuts
